ITL
WABA DUCKS @ CAPE COD CLAMS
05/25/2027
 
TOP OF THE 1ST
Waba Ducks batting - Pitching for Cape Cod Clams : RHP Alberto Parra
Pitching: RHP Alberto Parra
Batting: RHB Jeremy Flemming 0-0: Ball
1-0: Ball
2-0: Foul Ball, location: 2F
2-1: Ball
3-1: Called Strike
3-2: SINGLE (Line Drive, 4M)
Batting: RHB Pedro Molina 0-0: Ball
1-0: Foul Ball, location: 2F
1-1: Called Strike
1-2: Ball
2-2: Foul Ball, location: 2F
2-2: Foul Ball, location: 2F
2-2: Ball
3-2: DOUBLE (Line Drive, 7LS)
Jeremy Flemming to third
Runner from 3rd tries for Home, SAFE, no throw
Batting: RHB Tony Morton 0-0: Ball
1-0: Called Strike
1-1: Ball
2-1: Foul Ball, location: 2F
2-2: Strikes out looking
Batting: LHB José Román 0-0: Ball
1-0: Called Strike
1-1: Ball
2-1: Called Strike
2-2: Strikes out swinging
Batting: RHB Chris Osborn 0-0: Ball
1-0: Ball
2-0: Ball
3-0: Called Strike
3-1: Fly out, F7 (Line Drive, 7)
Top of the 1st over - 1 run(s), 2 hit(s), 0 error(s), 1 left on base; Waba 1 - Cape Cod 0
BOTTOM OF THE 1ST
Cape Cod Clams batting - Pitching for Waba Ducks : RHP Harvey Bradridge
Pitching: RHP Harvey Bradridge
Batting: RHB Max Jones 0-0: Called Strike
0-1: Ball
1-1: Called Strike
1-2: Ball
2-2: Fly out, F8 (Flyball, 8LD)
Batting: RHB Marcos Castillo 0-0: Ball
1-0: Foul Ball, location: 2F
1-1: Ball
2-1: DOUBLE (Line Drive, 7LM)
Batting: LHB Sixto Cantú 0-0: SINGLE (Groundball, 6D)
Marcos Castillo to third
Runner from 3rd tries for Home, SAFE, no throw
Batting: RHB Carlos García 0-0: Ball
1-0: Foul Ball, location: 2F
1-1: Fielders Choice at 2nd, 3-6 (Groundball, 34)
Batting: SHB Ed Dale 0-0: Called Strike
Carlos García steals 2nd base
0-1: Ball
1-1: Foul Ball, location: 2F
1-2: Strikes out swinging
Bottom of the 1st over - 1 run(s), 2 hit(s), 0 error(s), 1 left on base; Waba 1 - Cape Cod 1
TOP OF THE 2ND
Waba Ducks batting - Pitching for Cape Cod Clams : RHP Alberto Parra
Batting: LHB Howard Evans 0-0: Ball
1-0: Swinging Strike
1-1: Ball
2-1: Foul Ball, location: 2F
2-2: SINGLE (Groundball, 4MD)
Batting: RHB Shaun Puckett 0-0: Ball
1-0: Ball
2-0: Ball
3-0: Called Strike
3-1: Foul Ball, location: 2F
3-2: Foul Ball, location: 2F
3-2: SINGLE (Groundball, 6MD)
Howard Evans to second
Batting: RHB Paul Spencer 0-0: Ball
1-0: Ball
2-0: Fly out, F8 (Flyball, 8LS)
Batting: RHB Ángelo García 0-0: Called Strike
0-1: Ball
1-1: Grounds into double play, 4-6-3 (Groundball, 4)
Top of the 2nd over - 0 run(s), 2 hit(s), 0 error(s), 1 left on base; Waba 1 - Cape Cod 1
BOTTOM OF THE 2ND
Cape Cod Clams batting - Pitching for Waba Ducks : RHP Harvey Bradridge
Batting: RHB Andrew Good 0-0: SINGLE (Groundball, 4MD)
Batting: RHB Yasuhiro Kobayashi 0-0: Ball
1-0: Swinging Strike
1-1: Grounds into double play, 4-6-3 (Groundball, 34)
Batting: RHB António Magana 0-0: Fly out, F8 (Flyball, 8RD)
Bottom of the 2nd over - 0 run(s), 1 hit(s), 0 error(s), 0 left on base; Waba 1 - Cape Cod 1
TOP OF THE 3RD
Waba Ducks batting - Pitching for Cape Cod Clams : RHP Alberto Parra
Batting: RHB Jeremy Flemming 0-0: Called Strike
0-1: Ball
1-1: Fly out, F8 (Flyball, 8RXD)
Batting: RHB Pedro Molina 0-0: Ball
1-0: Foul Ball, location: 2F
1-1: Foul Ball, location: 2F
1-2: Ball
2-2: Fly out, F6 (Line Drive, 6D)
Batting: RHB Tony Morton 0-0: Called Strike
0-1: Called Strike
0-2: Ball
1-2: DOUBLE (Line Drive, 89D)
Batting: LHB José Román Balk!
Tony Morton to third
0-0: Foul Ball, location: 2F
0-1: Foul Ball, location: 2F
0-2: Ball
1-2: Ball
2-2: Foul Ball, location: 2F
2-2: SINGLE (Line Drive, 34D)
Tony Morton scores
Batting: RHB Chris Osborn 0-0: Called Strike
0-1: Called Strike
0-2: Ball
1-2: Ball
2-2: Strikes out swinging
Top of the 3rd over - 1 run(s), 2 hit(s), 0 error(s), 1 left on base; Waba 2 - Cape Cod 1
BOTTOM OF THE 3RD
Cape Cod Clams batting - Pitching for Waba Ducks : RHP Harvey Bradridge
Batting: RHB Vern Carlton 0-0: Ball
1-0: Called Strike
1-1: Ball
2-1: Ground out 6-3 (Groundball, 6)
Batting: RHB Max Jones 0-0: Foul Ball, location: 2F
0-1: Ball
1-1: Ground out 5-3 (Groundball, 56S)
Batting: RHB Marcos Castillo 0-0: Called Strike
0-1: Foul Ball, location: 2F
0-2: Ball
1-2: Strikes out swinging
Bottom of the 3rd over - 0 run(s), 0 hit(s), 0 error(s), 0 left on base; Waba 2 - Cape Cod 1
TOP OF THE 4TH
Waba Ducks batting - Pitching for Cape Cod Clams : RHP Alberto Parra
Batting: LHB Howard Evans 0-0: SINGLE (Groundball, 3D)
Batting: RHB Shaun Puckett 0-0: Ball
1-0: SINGLE (Groundball, 4D)
Howard Evans to second
Runner from 2nd tries for 3rd, SAFE, throw made to third
Batting: RHB Paul Spencer 0-0: Ball
1-0: DOUBLE (Groundball, 5L)
Howard Evans scores
Shaun Puckett to third
Batting: RHB Ángelo García 0-0: Foul Ball, location: 2F
0-1: Fly out, F9 (Flyball, 9LS)
Runner from 3rd tags up, SCORES, no throw
Batting: RHB Jeremy Flemming 0-0: Called Strike
0-1: Called Strike
0-2: Ball
1-2: Foul Ball, location: 2F
1-2: Foul Ball, location: 2F
1-2: Strikes out swinging
Batting: RHB Pedro Molina 0-0: Foul Ball, location: 2F
0-1: Ball
1-1: Swinging Strike
1-2: Fly out, F9 (Flyball, 9S)
Top of the 4th over - 2 run(s), 3 hit(s), 0 error(s), 1 left on base; Waba 4 - Cape Cod 1
BOTTOM OF THE 4TH
Cape Cod Clams batting - Pitching for Waba Ducks : RHP Harvey Bradridge
Batting: LHB Sixto Cantú 0-0: Called Strike
0-1: Ball
1-1: Called Strike
1-2: Fly out, F7 (Flyball, 78M)
Batting: RHB Carlos García 0-0: Called Strike
0-1: Ball
1-1: Foul Ball, location: 2F
1-2: Ball
2-2: Ball
3-2: Base on Balls
Batting: SHB Ed Dale 0-0: Foul Ball, location: 2F
0-1: Fly out, F6 (Popup, 6D)
Batting: RHB Andrew Good 0-0: Called Strike
Carlos García steals 2nd base
0-1: Ball
1-1: Fly out, F9 (Flyball, 9S)
Bottom of the 4th over - 0 run(s), 0 hit(s), 0 error(s), 1 left on base; Waba 4 - Cape Cod 1
TOP OF THE 5TH
Waba Ducks batting - Pitching for Cape Cod Clams : RHP Alberto Parra
Batting: RHB Tony Morton 0-0: Ball
1-0: Fly out, F8 (Flyball, 8RM)
Batting: LHB José Román 0-0: Foul Ball, location: 2F
0-1: Ball
1-1: Ball
2-1: Foul Ball, location: 2F
2-2: Foul Ball, location: 2F
2-2: Fly out, F8 (Flyball, 8LM)
Batting: RHB Chris Osborn 0-0: Called Strike
0-1: Ball
1-1: Foul Ball, location: 2F
1-2: Ball
2-2: Foul Ball, location: 2F
2-2: Ball
3-2: Ground out 6-3 (Groundball, 6)
Top of the 5th over - 0 run(s), 0 hit(s), 0 error(s), 0 left on base; Waba 4 - Cape Cod 1
BOTTOM OF THE 5TH
Cape Cod Clams batting - Pitching for Waba Ducks : RHP Harvey Bradridge
Batting: RHB Yasuhiro Kobayashi 0-0: Ball
1-0: Swinging Strike
1-1: Swinging Strike
1-2: Foul Ball, location: 2F
1-2: Ball
2-2: Ground out 5-3 (Groundball, 56)
Batting: RHB António Magana 0-0: Called Strike
0-1: Fly out, F4 (Popup, 4D)
Batting: RHB Vern Carlton 0-0: Ground out 4-3 (Groundball, 34D)
Bottom of the 5th over - 0 run(s), 0 hit(s), 0 error(s), 0 left on base; Waba 4 - Cape Cod 1
TOP OF THE 6TH
Waba Ducks batting - Pitching for Cape Cod Clams : RHP Alberto Parra
Pitching: RHP Patrick Doyle
Batting: LHB Howard Evans 0-0: Ball
1-0: Foul Ball, location: 2F
1-1: Foul Ball, location: 2F
1-2: Fly out, F2 (Popup, 3S)
Batting: RHB Shaun Puckett 0-0: Ball
1-0: Called Strike
1-1: Hit by Pitch
Batting: RHB Paul Spencer 0-0: Ball
1-0: Grounds into double play, 6-4-3 (Groundball, 6)
Top of the 6th over - 0 run(s), 0 hit(s), 0 error(s), 0 left on base; Waba 4 - Cape Cod 1
BOTTOM OF THE 6TH
Cape Cod Clams batting - Pitching for Waba Ducks : RHP Harvey Bradridge
Batting: RHB Max Jones 0-0: Ball
1-0: Fly out, F3 (Popup, 3)
Batting: RHB Marcos Castillo 0-0: Swinging Strike
0-1: Ball
1-1: Called Strike
1-2: Ground out 6-3 (Groundball, 6)
Batting: LHB Sixto Cantú 0-0: Foul Ball, location: 2F
0-1: Called Strike
0-2: SOLO HOME RUN (Flyball, 7LD), Distance : 373 ft
Batting: RHB Carlos García 0-0: Called Strike
0-1: SINGLE (Groundball, 3S) (infield hit)
Batting: SHB Ed Dale 0-0: Fly out, F9 (Line Drive, 9)
Bottom of the 6th over - 1 run(s), 2 hit(s), 0 error(s), 1 left on base; Waba 4 - Cape Cod 2
TOP OF THE 7TH
Waba Ducks batting - Pitching for Cape Cod Clams : RHP Patrick Doyle
Batting: RHB Ángelo García 0-0: Ball
1-0: Swinging Strike
1-1: Foul Ball, location: 2F
1-2: Strikes out swinging
Batting: RHB Jeremy Flemming 0-0: SINGLE (Line Drive, 78S)
Batting: RHB Pedro Molina 0-0: Hit by Pitch
Jeremy Flemming to second
Batting: RHB Tony Morton 0-0: Foul Ball, location: 2F
0-1: Called Strike
0-2: Strikes out swinging
Pitching: LHP Javier Luna
Pinch Hitting: RHB Enrico Ramos 0-0: Called Strike
0-1: Called Strike
0-2: SINGLE (Line Drive, 34D)
Jeremy Flemming to third
Pedro Molina to second
Runner from 3rd tries for Home, throw and OUT!
Top of the 7th over - 0 run(s), 2 hit(s), 0 error(s), 2 left on base; Waba 4 - Cape Cod 2
BOTTOM OF THE 7TH
Cape Cod Clams batting - Pitching for Waba Ducks : RHP Harvey Bradridge
Now in RF: Reynaldo Gallegos
Batting: RHB Andrew Good 0-0: SINGLE (Flyball, 8RS)
Batting: RHB Yasuhiro Kobayashi 0-0: Ball
1-0: Ball
2-0: Ball
3-0: Base on Balls
Andrew Good to second
Pitching: RHP António Mata
Pinch Hitting: LHB Tom Waller 0-0: Bunted foul
0-1: Bunt - Flyout! F2
Pinch Hitting: SHB Andrés Díaz 0-0: Ball
1-0: Ball
2-0: Foul Ball, location: 2F
2-1: Ball
3-1: Base on Balls
Andrew Good to third
Yasuhiro Kobayashi to second
Batting: RHB Max Jones 0-0: Ball
1-0: Ball
2-0: Called Strike
2-1: Foul Ball, location: 2F
2-2: Foul Ball, location: 2F
2-2: Ball
3-2: Grounds into double play, 6-4-3 (Groundball, 6)
Bottom of the 7th over - 0 run(s), 1 hit(s), 0 error(s), 2 left on base; Waba 4 - Cape Cod 2
TOP OF THE 8TH
Waba Ducks batting - Pitching for Cape Cod Clams : LHP Javier Luna
Now at 3B: Andrés Díaz
Now in CF: Kenny Cole
Batting: RHB Chris Osborn 0-0: Ball
1-0: Ball
2-0: Called Strike
2-1: Fly out, F4 (Popup, 34D)
Pitching: RHP Raúl Flores
Batting: LHB Howard Evans 0-0: Swinging Strike
0-1: Ball
1-1: Swinging Strike
1-2: Foul Ball, location: 2F
1-2: Ball
2-2: Foul Ball, location: 2F
2-2: Foul Ball, location: 2F
2-2: Strikes out swinging
Batting: RHB Shaun Puckett 0-0: Ball
1-0: Called Strike
1-1: Ball
2-1: Swinging Strike
2-2: Strikes out swinging
Top of the 8th over - 0 run(s), 0 hit(s), 0 error(s), 0 left on base; Waba 4 - Cape Cod 2
BOTTOM OF THE 8TH
Cape Cod Clams batting - Pitching for Waba Ducks : RHP António Mata
Batting: RHB Marcos Castillo 0-0: Swinging Strike
0-1: Ball
1-1: Foul Ball, location: 2F
1-2: Foul Ball, location: 2F
1-2: Ball
2-2: Strikes out swinging
Batting: LHB Sixto Cantú 0-0: Ball
1-0: Called Strike
1-1: Ball
2-1: Ball
3-1: Ground out 4-3 (Groundball, 4M)
Batting: RHB Carlos García 0-0: Foul Ball, location: 2F
0-1: Foul Ball, location: 2F
0-2: Ball
1-2: Foul Ball, location: 2F
1-2: Ball
2-2: Strikes out swinging
Bottom of the 8th over - 0 run(s), 0 hit(s), 0 error(s), 0 left on base; Waba 4 - Cape Cod 2
TOP OF THE 9TH
Waba Ducks batting - Pitching for Cape Cod Clams : RHP Raúl Flores
Pitching: RHP Juan Reyes
Batting: RHB Paul Spencer 0-0: Swinging Strike
0-1: Foul Ball, location: 2F
0-2: Strikes out swinging
Batting: RHB Ángelo García 0-0: Called Strike
0-1: Called Strike
0-2: Fly out, F7 (Flyball, 7)
Batting: RHB Jeremy Flemming 0-0: Foul Ball, location: 2F
0-1: Ball
1-1: Foul Ball, location: 2F
1-2: Ball
2-2: Strikes out swinging
Top of the 9th over - 0 run(s), 0 hit(s), 0 error(s), 0 left on base; Waba 4 - Cape Cod 2
BOTTOM OF THE 9TH
Cape Cod Clams batting - Pitching for Waba Ducks : RHP António Mata
Pitching: RHP Bartolo Romo
Batting: SHB Ed Dale 0-0: Ball
1-0: Foul Ball, location: 2F
1-1: Foul Ball, location: 2F
1-2: Foul Ball, location: 2F
1-2: Ball
2-2: Strikes out swinging
Batting: RHB Andrew Good 0-0: Fly out, F9 (Flyball, 89S)
Batting: RHB Yasuhiro Kobayashi 0-0: Called Strike
0-1: Ball
1-1: Ball
2-1: Foul Ball, location: 2F
2-2: Ball
3-2: Ground out 5-3 (Groundball, 25)
Bottom of the 9th over - 0 run(s), 0 hit(s), 0 error(s), 0 left on base; Waba 4 - Cape Cod 2
Thursday, March 30th, 2017 - OOTP Baseball 17.12 Build 75